 Dungeon Crawl Stone Soup version 0.20-a0-548-g4f8a798 (webtiles) character file.

184 Amnesiac the Twirler (level 5, 0/38 HPs)
             Began as a Mummy Gladiator on Feb 1, 2017.
             Slain by Natasha (8 damage)
             ... on level 2 of the Dungeon.
             The game lasted 00:03:42 (2434 turns).

Amnesiac the Twirler (Mummy Gladiator)              Turns: 2434, Time: 00:03:43

Health: 0/38       AC:  7    Str: 17    XL:     5   Next: 36%
Magic:  5/5        EV: 12    Int:  7    God:
Gold:   116        SH:  0    Dex: 15    Spells: 4/4 levels left

rFire    x . .     SeeInvis .   a - +0 quarterstaff
rCold    + . .     Gourm    .   b - +0 leather armour
rNeg     + + +     Faith    .   (shield currently unavailable)
rPois    ∞         Spirit   .   c - +0 helmet
rElec    .         Reflect  .   (no cloak)
rCorr    +         Harm     .   (no gloves)
MR       .....                  f - +2 pair of boots
Stlth    +.........             (no amulet)
Regen    0.2/turn               i - ring of poison resistance
                                h - ring of resist corrosion

@: no status effects
A: no food or potions, fire vulnerability, cold resistance 1, negative energy
resistance 3, torment resistance, unbreathing
a: no special abilities


You were on level 2 of the Dungeon.
You were not hungry.

You visited 2 branches of the dungeon, and saw 5 of its levels.

You collected 116 gold pieces.

Inventory:

Hand Weapons
 a - a +0 quarterstaff (weapon)
Missiles
 d - 3 throwing nets (quivered)
Armour
 b - a +0 leather armour (worn)
 c - a +0 helmet (worn)
 f - a +2 pair of boots (worn)
Jewellery
 h - a ring of resist corrosion (left hand)
 i - a ring of poison resistance (right hand)
Scrolls
 e - a scroll of blinking {unknown}
 g - 2 scrolls of identify {unknown}
 j - a scroll of magic mapping {unknown}
 k - a scroll of immolation {unknown}


   Skills:
 - Level 2.0 Fighting
 + Level 5.1 Staves
 - Level 1.5 Throwing
 - Level 2.4 Dodging


You had 4 spell levels left.
You didn't know any spells.

Dungeon Overview and Level Annotations

Branches:
Dungeon (4/15)             Temple (1/1) D:4

Altars:
Ashenzari
Cheibriados
Elyvilon
Fedhas
Hepliaklqana
Makhleb
Nemelex Xobeh
Qazlal
Ru
Uskayaw
Vehumet
Xom
Zin

Annotations:
D:2 Natasha, Sigmund


Innate Abilities, Weirdness & Mutations

You do not eat or drink.
Your flesh is vulnerable to fire.
You are immune to poison.
Your flesh is cold resistant. (rC+)
You are immune to negative energy. (rN+++)
You are immune to unholy pain and torment.
You can survive without breathing.


Message History

You hit Natasha.
Natasha is lightly wounded.
Natasha claws you.
You closely miss Natasha.
Natasha is lightly wounded.
Natasha claws you.
* * * LOW HITPOINT WARNING * * *
You closely miss Natasha.
Natasha is lightly wounded.
Natasha completely misses you.
You hit Natasha but do no damage.
Natasha is lightly wounded.
Natasha claws you but does no damage.
You hit Natasha.
Natasha is moderately wounded.
Natasha closely misses you.
You hit Natasha.
Natasha is heavily wounded.
Natasha claws you!
You die...

##....## ###......#. ##
#..##..##########....## #g
#..###..#.......##..### #g #..#
##.#.............. # #g #..#
#.#.......###...# .. #. ###..#
#.#).......####.# ...#r####.g..#
#................
.....#....##.#####.(##########.##
......).......).@h...#########..#
.......#####.#######.............
.###.#...###.# #####.########
#.###...#.# #...## #.#.
.....##### ###..##
##.#.####......### ##..##
#..#...###.#.#...## ##..###
#.####.###.#..†...#### ##...#
#.##.........##.#....## ###..


You could see Natasha.

Vanquished Creatures
  Natasha (twice) (D:2)
  A worker ant (D:4)
  3 adders
  4 gnolls (D:2)
  3 worms
  2 dart slugs
  A leopard gecko (D:1)
  2 orcs (D:3)
  3 giant cockroaches
  3 goblins
  3 jackals (D:1)
  2 kobolds
  A quokka (D:3)
  6 rats
36 creatures vanquished.

Notes
Turn   | Place    | Note
-------+----------+-------------------------------------------
     0 | D:1      | Amnesiac the Mummy Gladiator began the quest for the Orb.
     0 | D:1      | Reached XP level 1. HP: 16/16 MP: 1/1
   423 | D:2      | Noticed Sigmund
   435 | D:1      | Reached skill level 3 in Staves
   435 | D:1      | Reached XP level 2. HP: 10/22 MP: 2/2
  1081 | D:2      | Noticed Natasha
  1087 | D:2      | Killed Natasha
  1087 | D:2      | Reached XP level 3. HP: 5/27 MP: 3/3
  1617 | D:4      | Got a bloodstained spear
  1618 | D:4      | Identified the +1 spear of Righteous Fury {freeze, Dex+2} (You found it on level 4 of the Dungeon)
  1697 | D:4      | Reached skill level 4 in Staves
  1697 | D:4      | Reached XP level 4. HP: 11/33 MP: 4/4
  1975 | D:4      | Found a staircase to the Ecumenical Temple.
  1993 | Temple   | Entered the Ecumenical Temple
  2378 | D:2      | Noticed Natasha
  2383 | D:2      | Killed Natasha
  2383 | D:2      | Reached XP level 5. HP: 38/38 MP: 5/5
  2423 | D:2      | Noticed Natasha
  2423 | D:2      | Reached skill level 5 in Staves
  2434 | D:2      | Slain by Natasha

Vault maps used:
D:1:      dpeg_arrival_chase
D:2:      uniq_natasha, uniq_sigmund
D:4:      temple_fountains, uniq_duvessa
Temple:   nicolae_temple_figure_eight

Skill      XL: |  1  2  3  4  5 |
---------------+----------------+-----
Staves         | 3 4 5 |  5.1
Fighting       | |  2.0
Throwing       | |  1.5
Dodging        | |  2.4

Action                   |  1- 3 |  4- 6 || total
-------------------------+-------+-------++-------
Melee: Quarterstaff      |    58 |    56 ||   114
 Stab: Sleeping          |       |     1 ||     1
Armor: Leather armour    |    13 |    23 ||    36
Dodge: Dodged            |    30 |    36 ||    66
